 Dungeon Crawl Stone Soup version 0.26-a0-946-g9485abf61d (webtiles) character file.

Game seed: 5560739549019421306

74221 KristoblXynda the Covert (level 15, -5/115 HPs)
             Began as a Vampire Berserker on Nov 28, 2020.
             Was a High Priest of Trog.
             Slain by a cane toad (16 damage)
             ... on level 6 of the Lair of Beasts.
             The game lasted 00:45:22 (22882 turns).

KristoblXynda the Covert (Vampire Berserker)       Turns: 22882, Time: 00:45:23

Health: -5/115     AC: 10    Str: 20    XL:     15   Next: 6%
Magic:  15/15      EV: 21    Int: 15    God:    Trog [*****.]
Gold:   866        SH: 10    Dex: 14    Spells: 14/14 levels left

rFire    + . .     SeeInvis +   L - +6 scimitar (flame)
rCold    . . .     Faith    .   N - +0 buckler {rN+}
rNeg     + + .     Spirit   .   E - +2 leather armour of Filth {rF+ MR+ Slay+2}
rPois    +         Reflect  +   r - +1 helmet
rElec    .         Harm     .   i - scarf {+Inv}
rCorr    .         Rampage  .   M - +1 pair of gloves {Str+3}
MR       ++...                  (no boots)
Stlth    ++++++....             H - amulet of reflection
HPRegen  0.49/turn              n - ring of positive energy
MPRegen  0.14/turn              w - ring of poison resistance

@: lethally poisoned (-5 -> -24), regenerating quickly
A: fangs 3, see invisible, unbreathing
a: Exsanguinate, Berserk, Trog's Hand, Brothers in Arms, Renounce Religion,
Evoke Invisibility


You were on level 6 of the Lair of Beasts.
You worshipped Trog.
Trog was extremely pleased with you.
You visited 3 branches of the dungeon, and saw 20 of its levels.

You collected 1186 gold pieces.
You spent 320 gold pieces at shops.

Inventory:

Hand Weapons
 y - a +2 vorpal scimitar
 L - a +6 scimitar of flaming (weapon)
Missiles
 d - 9 throwing nets
Armour
 i - a scarf of invisibility (worn)
 r - a +1 helmet (worn)
 E - the +2 leather armour of Filth (worn) {rF+ MR+ Slay+2}
   (You found it on level 7 of the Dungeon)

   It affects your accuracy and damage with ranged weapons and melee attacks
   (+2).
   It protects you from fire.
   It affects your resistance to hostile enchantments.
 M - a +1 pair of gloves of strength (worn)
 N - a +0 buckler of positive energy (worn)
 P - +0 swamp dragon scales
Jewellery
 n - a ring of positive energy (left hand)
 w - a ring of poison resistance (right hand)
 H - an amulet of reflection (around neck)
 R - an uncursed ring of protection from cold {unknown}
Wands
 B - a wand of iceblast (30)
 D - a wand of acid (18)
 K - a wand of digging (5)
Scrolls
 a - a scroll of enchant weapon
 c - 6 scrolls of teleportation
 e - 3 scrolls of fog
 g - 12 scrolls of remove curse
 m - 4 scrolls of amnesia
 q - a scroll of immolation
 v - 2 scrolls of enchant armour
 A - 2 scrolls of fear
 F - 2 scrolls of blinking
 G - 5 scrolls of identify
 J - 2 scrolls of magic mapping
 Q - a scroll of brand weapon
Potions
 b - 4 potions of mutation
 f - 2 potions of attraction
 h - a potion of resistance
 j - 3 potions of invisibility
 k - 2 potions of haste
 l - 8 potions of curing
 o - 2 potions of flight
 p - 3 potions of brilliance
 s - 2 potions of might
 t - 3 potions of lignification
 u - 2 potions of cancellation
 x - 5 potions of heal wounds
 z - 4 potions of ambrosia
 C - 2 potions of berserk rage
 I - a potion of magic
Miscellaneous
 O - a phantom mirror


   Skills:
 - Level 10.0 Fighting
 + Level 13.6 Long Blades
 + Level 7.5 Armour
 + Level 13.7 Dodging
 + Level 14.8 Stealth
 - Level 4.2 Shields
 - Level 9.0 Evocations


You had 14 spell levels left.
You didn't know any spells.
Your spell library contained the following spells:

 Spells                   Type           Power        Failure   Level
 Beastly Appendage        Tmut           #.....       30%         1
 Shock                    Conj/Air       #...         30%         1
 Summon Small Mammal      Summ           #...         30%         1
 Call Imp                 Summ           #.......     43%         2
 Swiftness                Air            #.......     43%         2
 Wereblood                Tmut           #.......     43%         2
 Call Canine Familiar     Summ           #.......     67%         3
 Spider Form              Tmut/Pois      #.........   67%         3
 Static Discharge         Conj/Air       #.......     67%         3
 Summon Guardian Golem    Hex/Summ       #.......     67%         3
 Airstrike                Air            #.........   97%         4
 Ice Form                 Ice/Tmut       #.......     97%         4
 Summon Ice Beast         Ice/Summ       #.......     97%         4
 Summon Lightning Spire   Summ/Air       #.......     97%         4
 Blade Hands              Tmut           #.........   100%        5
 Lightning Bolt           Conj/Air       #.........   100%        5


Dungeon Overview and Level Annotations

Branches:
Dungeon (13/15)            Temple (1/1) D:5            Lair (6/6) D:11
 Shoals (0/4) Lair:3        Snake (0/4) Lair:3        Slime (0/5) Lair:6
    Orc (0/2) D:9          Vaults (0/5) D:13

Altars:
Ashenzari
Cheibriados
Dithmenos
Elyvilon
Fedhas
Gozag
Hepliaklqana
Kikubaaqudgha
Makhleb
Nemelex Xobeh
Okawaru
Qazlal
Ru
Sif Muna
Trog
Uskayaw
Vehumet
Wu Jian
Xom
Yredelemnul
Zin
The Shining One

Shops:
D:12 [

Portals:
Trove: D:10 (give 2 scrolls of acquirement)

Annotations:
D:5 3 runed translucent doors, Perttuleena's ghost, novice FoAK
D:7 2 runed translucent doors
D:12 2 transporters, qipq's ghost, journeyman OpCj


Innate Abilities, Weirdness & Mutations

Your natural rate of healing is unusually fast.
You have razor-sharp teeth.
You have supernaturally acute eyesight. (SInv)
You can survive without breathing.


Message History

Press: ? - help, Dir - move target
As you read the scroll of blinking, it crumbles to dust.
* * * LOW HITPOINT WARNING * * *
You feel very sick.
The fungus is engulfed in blazing flames. x2
The black mamba is engulfed in blazing flames.
Trog accepts your kill.
The black mamba explodes!
The fiery explosion engulfs the cane toad!!
Flame seeps out of the cane toad.
The cane toad is severely wounded.
The fiery explosion engulfs the cane toad!
Flame seeps out of the cane toad.
The cane toad is moderately wounded.
The fiery explosion engulfs the cane toad!!
Flame seeps out of the cane toad.
The cane toad is almost dead.
The guardian serpent coils itself and waves its upper body at you.
The cane toad blinks! x3; The cane toad stings you!
You die...

....##.....#......#.....##P..P..#
...P.##....##....##....##........
..P...##....#....#....##.........
.......##...##..##...##.........P
..#.....##...#..#...##.....#.....
..###....##..####..##....#####.#.
..P.###...##..##..##...###.P###..
...P..###..######....###..P.# ##.
........#####..F@F.###....P.# ##.
..P.......##..PPF§##........# #..
...P......##..PP§§##........####.
...P....#####.§§°#####.......# #'
......###).###§§###..###..P..###.
<...###...##.#.○#......###....##.
..###....##).#.S#..##....####..#P
..#.....##..##..##..##.....#.....
...[...##...#....#...##..........


You could see a guardian serpent (inner flame) and 3 cane toads.

Vanquished Creatures
  Rupert (Lair:6)
  A fire dragon (Lair:6)
  Harold (Lair:1)
  11 hydras
  5 vault guards (D:13)
  3 boulder beetles
  A catoblepas (Lair:2)
  Erica (D:11)
  A two-headed ogre (D:9)
  2 death yaks (Lair:6)
  Urug (D:10)
  2 unseen horrors
  3 skeletal warriors (D:13)
  A swamp dragon (Lair:6)
  2 deep elf magi
  An ugly thing (D:7)
  A wolf spider (Lair:6)
  A cyclops (D:12)
  A manticore (D:13)
  6 elephants (Lair:4)
  10 black mambas
  2 centaur zombies
  A torpor snail (Lair:6)
  4 gargoyles
  11 cane toads
  A yaktaur (D:12)
  11 komodo dragons
  6 rime drakes
  6 trolls
  2 polar bears
  4 hornets
  Grinder (D:4)
  A meliai zombie (D:11)
  2 slime creatures
  8 dream sheep
  A snapping turtle (Lair:3)
  12 blink frogs
  Sigmund (D:5)
  A redback (Lair:6)
  A vampire (D:12)
  9 wyverns
  A wraith (D:11)
  3 fire bats (Lair:2)
  64 yaks
  10 basilisks
  6 steam dragons
  3 nagas (Lair:3)
  Edmund (D:5)
  21 water moccasins
  3 swamp drakes
  Duvessa (D:5)
  7 orc warriors
  3 black bears
  2 ice beasts (D:13)
  6 ogres
  A necrophage (D:10)
  2 phantoms
  A sky beast (D:7)
  11 centaurs
  8 wolves
  4 big kobolds
  20 bullfrogs
  A wyvern zombie (D:13)
  2 gnoll sergeants
  Dowan (D:5)
  2 wyvern skeletons
  5 scorpions
  5 jellies
  A water moccasin skeleton (D:6)
  4 killer bees (D:10)
  21 wights
  3 howler monkeys
  7 electric eels
  3 bullfrog zombies
  4 centaur skeletons
  5 hounds
  A quasit (D:7)
  8 orc priests
  17 orc wizards
  Crazy Yiuf (D:7)
  Natasha (thrice) (D:3)
  10 iguanas
  6 worker ants
  18 hell rats
  A killer bee zombie (D:5)
  A hound zombie (D:8)
  A hound skeleton (D:6)
  A worker ant zombie (D:6)
  7 gnolls
  A howler monkey skeleton (D:6)
  14 adders
  A shadow imp (D:9)
  2 white imps (D:8)
  2 ufetubi
  An ooze (D:1)
  2 worms (D:2)
  A dart slug (D:2)
  5 leopard geckos
  54 orcs
  4 giant cockroaches
  9 goblins
  12 hobgoblins
  4 jackals
  25 kobolds
  7 quokkas
  A ball python (D:2)
  12 bats
  8 frilled lizards
  A quokka skeleton (D:6)
  10 rats
634 creatures vanquished.

Vanquished Creatures (collateral kills)
  A vault guard (D:13)
  A death yak (Lair:6)
  A yak (Lair:6)
3 creatures vanquished.

Vanquished Creatures (others)
  2 orcs
  A bush (D:11)
  32 fungi
  99 plants
134 creatures vanquished.

Grand Total: 771 creatures vanquished

Notes
Turn   | Place    | Note
-------+----------+-------------------------------------------
     0 | D:1      | KristoblXynda the Vampire Berserker began the quest for the
                  | Orb.
     0 | D:1      | Reached XP level 1. HP: 17/17 MP: 1/1
    85 | D:1      | You fall into a shaft and drop 1 floor!
   266 | D:1      | Reached XP level 2. HP: 22/23 MP: 2/2
   768 | D:2      | Reached XP level 3. HP: 29/29 MP: 3/3
   817 | D:2      | Reached ** piety under Trog
   954 | D:2      | Reached skill level 1 in Stealth
   956 | D:2      | Found a stormy altar of Qazlal.
  1132 | D:2      | Reached XP level 4. HP: 34/35 MP: 4/4
  1393 | D:3      | Reached skill level 2 in Stealth
  1783 | D:3      | Noticed Natasha
  1793 | D:3      | Reached *** piety under Trog
  1801 | D:3      | Killed Natasha
  1802 | D:3      | Reached XP level 5. HP: 21/41 MP: 5/5
  2024 | D:3      | Noticed Natasha
  2033 | D:3      | Killed Natasha
  2034 | D:3      | Reached skill level 3 in Stealth
  2064 | D:3      | Noticed Natasha
  2075 | D:3      | Killed Natasha
  2311 | D:4      | Found a radiant altar of Vehumet.
  2588 | D:4      | Found an opulent altar of Gozag.
  2591 | D:4      | Found a hide-covered altar of Uskayaw.
  2595 | D:4      | Found a broken altar of Ashenzari.
  2595 | D:4      | Found a sacrificial altar of Ru.
  2644 | D:4      | Noticed Grinder
  2660 | D:4      | Paralysed by Grinder for 6 turns
  2687 | D:4      | Killed Grinder
  2688 | D:4      | Reached skill level 4 in Stealth
  2688 | D:4      | Reached XP level 6. HP: 12/47 MP: 6/6
  3221 | D:5      | Entered Level 5 of the Dungeon
  3225 | D:5      | Found a shimmering altar of Xom.
  3237 | D:5      | Noticed Sigmund
  3243 | D:5      | Reached XP level 7. HP: 46/52 MP: 7/7
  3252 | D:5      | Killed Sigmund
  3253 | D:5      | Reached skill level 5 in Long Blades
  3253 | D:5      | Reached skill level 5 in Stealth
  3281 | D:5      | Noticed Duvessa
  3282 | D:5      | Noticed Dowan
  3303 | D:5      | Killed Duvessa
  3304 | D:5      | Reached skill level 5 in Dodging
  3304 | D:5      | Reached skill level 6 in Stealth
  3313 | D:5      | Killed Dowan
  3533 | D:5      | Found a staircase to the Ecumenical Temple.
  3552 | Temple   | Entered the Ecumenical Temple
  3837 | D:5      | Found a basalt altar of Yredelemnul.
  3837 | D:5      | Found a snail-covered altar of Cheibriados.
  4120 | D:5      | Found a runed translucent gate.
  4120 | D:5      | Found a runed translucent gate.
  4120 | D:5      | Found a runed translucent gate.
  4134 | D:5      | Reached XP level 8. HP: 54/58 MP: 8/8
  4242 | D:5      | Noticed Edmund
  4257 | D:5      | Killed Edmund
  4258 | D:5      | Reached skill level 1 in Evocations
  4590 | D:5      | Noticed Perttuleena's ghost (novice FoAK)
  5199 | D:6      | Reached skill level 5 in Armour
  5330 | D:6      | Reached **** piety under Trog
  5425 | D:6      | Reached XP level 9. HP: 58/63 MP: 9/9
  5936 | D:7      | Found a large runed translucent door.
  5937 | D:7      | Found a large runed translucent door.
  6024 | D:7      | Found a large runed translucent door.
  6024 | D:7      | Found a large runed translucent door.
  6347 | D:7      | Got a faintly glowing leather armour
  6358 | D:7      | Identified the +2 leather armour of Filth {rF+ MR+ Slay+2}
                  | (You found it on level 7 of the Dungeon)
  6537 | D:7      | Found a runed translucent door.
  6538 | D:7      | Noticed Crazy Yiuf
  6545 | D:7      | Killed Crazy Yiuf
  6812 | D:7      | Noticed a purple ugly thing
  6933 | D:7      | Killed a purple ugly thing
  6934 | D:7      | Reached skill level 5 in Evocations
  6934 | D:7      | Reached XP level 10. HP: 73/73 MP: 10/10
  7428 | D:8      | Reached skill level 5 in Fighting
  7545 | D:8      | Reached ***** piety under Trog
  7562 | D:8      | Reached skill level 7 in Stealth
  8405 | D:9      | Found a sacrificial altar of Ru.
  8486 | D:9      | Received a gift from Trog
  8601 | D:9      | Reached skill level 8 in Stealth
  8627 | D:9      | Found a staircase to the Orcish Mines.
  8924 | D:9      | Noticed a two-headed ogre
  8929 | D:9      | Killed a two-headed ogre
  8930 | D:9      | Reached skill level 9 in Stealth
  9609 | D:10     | Entered Level 10 of the Dungeon
  9609 | D:10     | Found a portal to a secret trove of treasure.
  9700 | D:10     | Noticed Urug
  9732 | D:10     | Killed Urug
  9733 | D:10     | Reached XP level 11. HP: 47/81 MP: 6/11
 10500 | D:11     | Noticed Erica
 10503 | D:11     | Killed Erica
 10597 | D:11     | Reached skill level 10 in Stealth
 10656 | D:11     | Noticed an unseen horror
 10663 | D:11     | Killed an unseen horror
 10664 | D:11     | Reached skill level 10 in Dodging
 10981 | D:11     | Found a staircase to the Lair.
 11351 | D:11     | Received a gift from Trog
 11499 | D:12     | Found a transporter.
 11501 | D:12     | Found a transporter.
 11502 | D:12     | Noticed a two-headed ogre
 11511 | D:12     | Identified the +7 broad axe "Goblinslayer" {antimagic,
                  | Str+3 SInv}
 11511 | D:12     | Noticed an orc knight
 11512 | D:12     | Noticed qipq's ghost (journeyman OpCj)
 11513 | D:12     | Noticed a two-headed ogre
 11514 | D:12     | Found a bloodstained altar of Trog.
 11520 | D:12     | Noticed a two-headed ogre
 11547 | D:12     | Noticed a deep elf mage
 11553 | D:12     | Noticed a boulder beetle
 11558 | D:12     | Killed a deep elf mage
 11559 | D:12     | Reached skill level 10 in Long Blades
 11576 | D:12     | Killed a boulder beetle
 11685 | D:12     | Reached XP level 12. HP: 18/88 MP: 7/12
 12029 | D:12     | Found Nehoups's Armour Shop.
 12038 | D:12     | Bought a +0 pair of gloves of strength for 184 gold pieces
 12038 | D:12     | Bought a +0 buckler of positive energy for 136 gold pieces
 12248 | D:12     | Reached skill level 1 in Shields
 12363 | D:13     | Noticed a vault guard
 12366 | D:13     | Noticed a vault guard
 12588 | D:13     | Noticed a vault guard
 12588 | D:13     | Noticed a vault guard
 12589 | D:13     | Found a gate to the Vaults.
 12589 | D:13     | Noticed a vault guard
 12589 | D:13     | Noticed a vault guard
 12589 | D:13     | Noticed a vault guard
 12631 | D:13     | Killed a vault guard
 12633 | D:13     | Killed a vault guard
 12669 | D:13     | Received a gift from Trog
 12678 | D:13     | Killed a vault guard
 12727 | D:13     | Killed a vault guard
 13077 | D:13     | Noticed a vault guard
 13091 | D:13     | Killed a vault guard
 13128 | D:13     | Killed a vault guard
 13371 | D:13     | Reached XP level 13. HP: 78/98 MP: 10/13
 13606 | Lair:1   | Entered Level 1 of the Lair of Beasts
 13686 | Lair:1   | Noticed Harold
 13707 | Lair:1   | Killed Harold
 15001 | Lair:2   | Reached skill level 11 in Stealth
 15701 | Lair:3   | Found a staircase to the Snake Pit.
 16001 | Lair:3   | Received a gift from Trog
 16521 | Lair:3   | Found a staircase to the Shoals.
 16862 | Lair:4   | Reached skill level 12 in Stealth
 17900 | Lair:5   | Reached XP level 14. HP: 104/108 MP: 12/14
 18376 | Lair:5   | Received a gift from Trog
 18961 | Lair:6   | Entered Level 6 of the Lair of Beasts
 18965 | Lair:6   | Reached skill level 13 in Stealth
 19693 | Lair:6   | Reached skill level 10 in Fighting
 19987 | Lair:6   | Noticed Rupert
 20014 | Lair:6   | Killed Rupert
 20023 | Lair:6   | Reached skill level 14 in Stealth
 21224 | Lair:6   | Found a staircase to the Slime Pits.
 22156 | Lair:6   | Reached XP level 15. HP: 110/115 MP: 15/15
 22882 | Lair:6   | Slain by a cane toad

Illustrated notes

Levels and vault maps discovered:
D:1:      beargit_arrival_greenhouse, layout_loops_ring,
          hangedman_abyss_or_decor_stabs
D:2:      layout_rooms, nicolae_qazlal_general_emergency,
          minmay_goblin_kobold_house
D:3:      layout_loops_ring, corexii_shack, uniq_natasha
D:4:      layout_gridville, minitemple, kennysheep_little_box, enter_ossuary_5,
          serial_rivers, chequers_serial_rivers_micro_e,
          chequers_serial_rivers_micro_a, chequers_serial_rivers_large_b,
          chequers_serial_rivers_micro_e, uniq_grinder
D:5:      layout_loops_cross, amethyst_overflow_temple_binary,
          minmay_temple_entry_sparse_star, gammafunk_ghost_icy, basic_altar,
          lexackson_kobold_supper, uniq_duvessa, uniq_edmund, uniq_sigmund
D:6:      layout_basic
D:7:      layout_basic, minmay_hollow_rounded_squares, uniq_crazy_yiuf_cottage
D:8:      layout_loops_ring
D:9:      layout_big_octagon, erik_orc_1, nicolae_ru_great_annihilating_truth
D:10:     layout_long_grid, nicolae_trove_entry_columns, uniq_urug
D:11:     layout_long_grid, minmay_lair_entry_grove, kennysheep_generic_room_9,
          uniq_erica
D:12:     layout_rooms, gammafunk_ghost_wrathful_warriors, serial_shops,
          kennysheep_mini_moat
D:13:     layout_loops_cross, erik_vaults_2, gauntlet_entry_generic
Temple:   minmay_temple_curvy_branch
Lair:1:   layout_regular_city, uniq_harold
Lair:2:   layout_gridlike, wad_woods_06
Lair:3:   layout_misc_corridors, minmay_shoals_entry_hut,
          minmay_snake_entry_guardpost_medium, serial_bayou_shore_b
Lair:4:   layout_regular_city, serial_bayou_shore_a, grunt_megastairs_5,
          lemuel_fruit_tree, infiniplex_staircase_pool
Lair:5:   layout_loops_ring
Lair:6:   guppyfry_lair_end_dragon, layout_regular_city,
          hangedman_lair_tendril_chambers, slime_dummy, uniq_rupert

Skill      XL: |  1  2  3  4  5  6  7  8  9 10 11 12 13 14 |
---------------+-------------------------------------------+-----
Armour         | 2 3 4 5 6 7 |  7.5
Fighting       | 3 4 6 7 9 10 | 10.0
Stealth        | 1 2 4 6 9 10 12 14 | 14.8
Dodging        | 3 4 5 6 8 9 10 11 12 13 | 13.7
Long Blades    | 4 5 6 7 9 10 11 12 13 | 13.6
Evocations     | 3 5 7 8 9 |  9.0
Shields        | 4 |  4.2

Action                   |  1- 3 |  4- 6 |  7- 9 | 10-12 | 13-15 || total
-------------------------+-------+-------+-------+-------+-------++-------
Melee: Falchion          |    90 |   164 |    26 |       |       ||   280
       Bite              |    10 |    19 |    49 |   106 |   145 ||   329
       Dagger            |    12 |     2 |       |       |       ||    14
       Short sword       |       |       |   388 |   468 |       ||   856
       Scimitar          |       |       |       |   352 |   798 ||  1150
Invok: Berserk           |       |     4 |     8 |    13 |     7 ||    32
       Brothers in Arms  |       |       |       |     1 |     2 ||     3
Evoke: Wand              |       |     3 |       |     4 |     2 ||     9
  Use: Scroll            |     1 |    15 |     8 |    10 |    12 ||    46
       Potion            |       |     2 |       |     4 |       ||     6
 Stab: Distracted        |       |     1 |       |     1 |       ||     2
       Sleeping          |       |     1 |     6 |    27 |    18 ||    52
       Confused          |       |       |       |     1 |     1 ||     2
Armor: Animal skin       |     8 |       |       |       |       ||     8
       Scale mail        |    22 |    25 |       |       |       ||    47
       Ring mail         |       |    33 |   134 |       |       ||   167
       Skin              |       |     4 |       |    25 |       ||    29
       Leather armour    |       |       |    11 |   132 |   121 ||   264
Dodge: Dodged            |    75 |   107 |   310 |   578 |   652 ||  1722
       Repelled          |       |       |     1 |     7 |       ||     8
Block: Buckler           |       |       |       |    32 |   239 ||   271
       Reflection        |       |       |       |       |     1 ||     1
       Rpst.: Falchion   |    25 |    27 |     3 |       |       ||    55
       Scimitar          |       |       |       |    67 |   160 ||   227

Table legend: (Time is in decaauts)
 A = Elapsed time spent in this place.
 B = Non-inter-level travel time spent in this place.
 C = Inter-level travel time spent in this place.
 D = Time resting spent in this place.
 E = Time spent auto-exploring this place.
 F = Levels seen in this place.
 G = Mean time per level.
                   A        B        C        D        E       F      G
               +--------+--------+--------+--------+--------+-----+--------+
         Total |  22932 |  22092 |    840 |   6305 |  10372 |  20 | 1146.6 |
       Dungeon |  13508 |  12843 |    665 |   3054 |   5914 |  13 | 1039.1 |
        Temple |    228 |    224 |      4 |      0 |    223 |   1 |  228.0 |
          Lair |   9196 |   9025 |    171 |   3251 |   4235 |   6 | 1532.7 |
               +--------+--------+--------+--------+--------+-----+--------+

Top non-repeatable levels by time:
  Lair:6: 3293 daAuts
  Lair:5: 1635 daAuts
     D:5: 1342 daAuts
     D:9: 1316 daAuts
  Lair:3: 1312 daAuts
     D:7: 1277 daAuts
    D:13: 1225 daAuts
  Lair:4: 1109 daAuts
     D:6: 1096 daAuts
     D:4: 1057 daAuts
     D:8: 1031 daAuts
  Lair:2: 1031 daAuts
    D:11: 1003 daAuts
     D:3: 978 daAuts
    D:10: 882 daAuts
